 Dungeon Crawl Stone Soup version 0.29.1-1-gd02db69 (webtiles) character file.

Game seed: 14609565567646862780

252 bonegar the Sneak (level 6, -7/78 HPs)
             Began as a Naga Enchanter on Mar 20, 2023.
             Mangled by a gnoll
             ... wielding a +0 spear
              (9 damage)
             ... on level 3 of the Dungeon.
             The game lasted 00:23:40 (2831 turns).

bonegar the Sneak (Naga Enchanter)                  Turns: 2831, Time: 00:23:41

Health: -7/78      AC:  3    Str: 10    XL:     6   Next: 14%
Magic:  9/9        EV: 10    Int: 15    God:
Gold:   115        SH:  0    Dex: 14    Spells: 7/9 levels left

rFire   . . .      SeeInvis +   a - +1 dagger
rCold   . . .      Faith    .   (no shield)
rNeg    . . .      Spirit   .   b - +0 robe
rPois   +          Reflect  .   (no helmet)
rElec   .          Harm     .   (no cloak)
rCorr   .          Rampage  .   (no gloves)
Will    .....                   (no barding)
Stlth   ..........              (no amulet)
HPRegen 0.23/turn               (no ring)
MPRegen 0.11/turn               (no ring)

@: mighty, berserking (expiring), quick
A: AC +2, large, see invisible, deformed body, poison resistance, slowness 2,
spit poison 1, naga tail 1
a: Spit Poison


You were on level 3 of the Dungeon.
You visited 1 branch of the dungeon, and saw 4 of its levels.

You collected 115 gold pieces.

Inventory:

Hand Weapons
 a - a +1 dagger (weapon)
Missiles
 f - 2 atropa-tipped darts (quivered)
Armour
 b - a +0 robe (worn)
 i - a +0 robe
Magical Staves
 r - a staff of fire
Scrolls
 d - a scroll of teleportation {unknown}
 e - a scroll of immolation {unknown}
 j - a scroll of poison {unknown}
 l - 2 scrolls of vulnerability {unknown}
 n - a scroll of noise {unknown}
 q - a scroll of magic mapping {unknown}
 s - 2 scrolls of brand weapon {unknown}
Potions
 g - a potion of attraction
 h - 3 potions of flight
 m - a potion of brilliance {unknown}
 o - a potion of cancellation {unknown}


   Skills:
 + Level 1.7 Fighting
 + Level 2.5 Short Blades
 + Level 0.3 Throwing
 + Level 2.6 Dodging
 + Level 7.0 Stealth
 + Level 2.2 Spellcasting
 + Level 3.4 Hexes
 + Level 0.2 Ice Magic


You had 7 spell levels left.
You knew the following spells:

 Your Spells              Type           Power      Damage    Failure   Level
a - Ensorcelled Hibernat  Hex/Ice        14%        N/A       16%         2

Your spell library contained the following spells:

 Spells                   Type           Power      Damage    Failure   Level
 Confusing Touch          Hex            12%        N/A       16%         3
 Tukima's Dance           Hex            12%        N/A       16%         3
 Freeze                   Ice            8%         1d3       21%         1
 Static Discharge         Conj/Air       1%         3-4/arc   32%         2
 Dazzling Flash           Conj/Hex       12%        N/A       32%         3
 Frozen Ramparts          Ice            4%         1d1       52%         3
 Gell's Gravitas          Tloc           1%         N/A       54%         3
 Lesser Beckoning         Tloc           1%         N/A       54%         3
 Teleport Other           Tloc           1%         N/A       54%         3
 Hailstorm                Conj/Ice       2%         3d3       90%         4
 Lightning Bolt           Conj/Air       0%         1d11      99%         5
 Eringya's Noxious Bog    Tmut/Pois      0%         N/A       100%        6
 Statue Form              Tmut/Erth      0%         N/A       100%        6
 Maxwell's Capacitive Co  Air            0%         ∞         100%        8


Dungeon Overview and Level Annotations

Branches:
Dungeon (4/15)
 Temple: D:4-7

Altars:
Gozag

Annotations:
D:3 3 runed translucent doors, da312102's ghost, amateur HuFi


Innate Abilities, Weirdness & Mutations

Your serpentine skin is tough. (AC +2)
You have supernaturally acute eyesight. (SInv)
Armour fits poorly on your strangely shaped body.
Your system is resistant to poisons. (rPois)
You cover ground very slowly.
You can spit poison.
You have a snake-like lower body.


Message History

You closely miss the ball python. The ball python barely misses you.
The hobgoblin hits you but does no damage.
The gnoll hits you but does no damage. The goblin barely misses you.
Items here: ))))))) ††††††.
You barely miss the ball python. The ball python closely misses you.
You hit the ball python.
You kill the ball python!
The gnoll barely misses you. Robin throws the goblin at you!
* * * LOW HITPOINT WARNING * * *
You puncture the goblin!
You kill the goblin!
The hobgoblin hits you.
* * * LOW HITPOINT WARNING * * *
The gnoll misses you. Robin throws the goblin at you!
The goblin hits you but does no damage.
You puncture the goblin!
You kill the goblin!
You puncture the hobgoblin!
You kill the hobgoblin!
The gnoll barely misses you.
You completely miss the gnoll. You barely miss the gnoll.
The gnoll closely misses you. The gnoll hits you with a +0 whip.
* * * LOW HITPOINT WARNING * * *
You puncture the gnoll!
You kill the gnoll!
The gnoll hits you from afar with a +0 spear!
* * * LOW HITPOINT WARNING * * *
You puncture Robin!
Robin is heavily wounded.
You puncture Robin!
You kill Robin!
The gnoll barely misses you.
Your Stealth skill increases to level 7!
You puncture the gnoll!
The gnoll is heavily wounded.
You puncture the gnoll!
You kill the gnoll!
The gnoll hits you from afar with a +0 spear!
You die...

#..#
#..######.#
.###
#.......... .
....
#.#######.###.#
.... #.#
#.#.... ..##
#.# ..>....
.#### #.###
....... ...:.
#...####.......
g###.
#.#..)@))......
.
#...####g.###.#
#. #..## ..# #.
#.... ..# #
##.### ... #.#
.?## #.# ...
#.# ... #.#


You could see a gnoll.

Vanquished Creatures
  An ogre (D:4)
  Robin (D:3)
  4 gnolls
  5 adders
  3 dart slugs (D:1)
  6 ball pythons
  7 endoplasms
  3 giant cockroaches
  13 goblins
  7 hobgoblins
  4 kobolds
  2 quokkas (D:1)
  9 bats
  2 frilled lizards (D:1)
  4 rats
71 creatures vanquished.

Notes
Turn   | Place    | Note
-------+----------+-------------------------------------------
     0 | D:1      | bonegar the Naga Enchanter began the quest for the Orb.
     0 | D:1      | Reached XP level 1. HP: 15/15 MP: 3/3
   261 | D:1      | Reached XP level 2. HP: 22/22 MP: 5/5
   269 | D:1      | Learned a level 2 spell: Ensorcelled Hibernation
   556 | D:1      | Reached skill level 5 in Stealth
   556 | D:1      | Reached XP level 3. HP: 24/28 MP: 6/6
  1631 | D:2      | Reached XP level 4. HP: 37/37 MP: 7/7
  1677 | D:2      | Reached skill level 6 in Stealth
  1744 | D:2      | Found a faded altar of an unknown god.
  2110 | D:3      | Got the Almanac of Variation
  2136 | D:3      | Found a runed translucent gate.
  2136 | D:3      | Found a runed translucent gate.
  2136 | D:3      | Found an opulent altar of Gozag.
  2136 | D:3      | Found a runed translucent gate.
  2138 | D:3      | Noticed a water moccasin
  2139 | D:3      | Noticed da312102's ghost (amateur HuFi)
  2140 | D:3      | Noticed an orc warrior
  2150 | D:3      | You fall into a shaft and drop 1 floor!
  2163 | D:4      | Noticed an ogre
  2170 | D:4      | Killed an ogre
  2171 | D:4      | Reached skill level 1 in Fighting
  2171 | D:4      | Reached XP level 5. HP: 44/44 MP: 8/8
  2772 | D:3      | Noticed Robin
  2813 | D:3      | Reached XP level 6. HP: 39/51 MP: 9/9
  2827 | D:3      | HP: 2/76 [gnoll/+0 spear (7)]
  2829 | D:3      | Killed Robin
  2830 | D:3      | Reached skill level 7 in Stealth
  2831 | D:3      | Mangled by a gnoll

Illustrated notes

Levels and vault maps discovered:
D:1:      shiori_shiawase, layout_loops_ring, minmay_misc_feat_enclosed,
          bh_walls_and_bars
D:2:      layout_basic, dreamdust_ecumenical_altar_statues
D:3:      layout_loops_ring, ebering_ghost_gozag, uniq_robin, uniq_pargi
D:4:      layout_rooms, chequers_serial_rivers_micro_c,
          nicolae_shop_i_like_big_books, minmay_misc_feat_chi

Skill      XL: |  1  2  3  4  5  6 |
---------------+-------------------+-----
Stealth        | 5 6 7 |  7.0
Dodging        | 2 |  2.6
Fighting       | 1 |  1.7
Short Blades   | 2 |  2.5
Throwing       | |  0.3
Spellcasting   | |  2.2
Hexes          | |  3.4
Ice Magic      | |  0.2

Action                   |  1- 3 |  4- 6 || total
-------------------------+-------+-------++-------
Melee: Dagger            |    90 |   140 ||   230
       Punch             |       |     1 ||     1
Throw: Dart              |     9 |     2 ||    11
 Cast: Ensorcelled Hiber |     1 |     3 ||     4
  Use: Potion            |     1 |     5 ||     6
       Scroll            |     1 |     1 ||     2
 Stab: Sleeping          |    14 |     5 ||    19
       Invisible         |     1 |     2 ||     3
Armor: Robe              |    15 |    19 ||    34
       Skin              |       |    88 ||    88
Dodge: Dodged            |    37 |    51 ||    88
